 Dungeon Crawl Stone Soup version 0.21.1-1-g345015f (console) character file.

147 fly the Slasher (level 5, -2/42 HPs)
             Began as a Barachi Fighter on Apr 30, 2018.
             Slain by a centaur (6 damage)
             ... on level 4 of the Dungeon.
             The game lasted 00:05:00 (2854 turns).

fly the Slasher (Barachi Fighter)                   Turns: 2854, Time: 00:05:01

Health: -2/42      AC:  8    Str: 17    XL:     5   Next: 29%
Magic:  5/5        EV:  8    Int:  9    God:
Gold:   158        SH: 10    Dex: 12    Spells: 4/4 levels left

rFire    . . .     SeeInvis .   a - +0 long sword
rCold    . . .     Gourm    .   v - +1 shield
rNeg     . . .     Faith    .   y - +0 scale mail
rPois    .         Spirit   .   e - +0 helmet
rElec    .         Reflect  .   (no cloak)
rCorr    .         Harm     .   (no gloves)
MR       .....                  (no boots)
Stlth    +.........             (no amulet)
HPRegen  0.14/turn              m - ring of stealth
MPRegen  0.09/turn              o - +1 ring of evasion

@: slow
A: +LOS, swims, slowness 1, strong legs 1
a: Hop


You were on level 4 of the Dungeon.
You were not hungry.

You visited 1 branch of the dungeon, and saw 4 of its levels.

You collected 158 gold pieces.

Inventory:

Hand Weapons
 a - a +0 long sword (weapon)
Armour
 e - a +0 helmet (worn)
 v - a +1 shield (worn)
 y - a +0 scale mail (worn)
Jewellery
 m - a ring of stealth (left hand)
 o - a +1 ring of evasion (right hand)
Scrolls
 b - 3 scrolls of remove curse
 g - 2 scrolls of enchant armour
 h - 2 scrolls of teleportation
 i - a scroll of magic mapping {unknown}
 l - a scroll of fear {unknown}
 n - a scroll of fog {unknown}
Potions
 c - a potion of curing
 d - a potion of might
 j - a potion of flight
 k - a potion of lignification {unknown}
Comestibles
 f - 5 rations
 p - 7 chunks of flesh


   Skills:
 + Level 3.8 Fighting
 - Level 6.0 Long Blades
 + Level 3.9 Armour
 + Level 3.5 Shields


You had 4 spell levels left.
You didn't know any spells.

Dungeon Overview and Level Annotations

Branches:
Dungeon (4/15)
 Temple: D:4-7

Altars:
Gozag
Qazlal


Innate Abilities, Weirdness & Mutations

Shadows flee at your approach. (+LOS)
You can swim through water.
You cover ground slowly.
You can hop short distances.


Message History

Okay, then.
You feel better. The centaur barely misses you.
You riposte.
You barely miss the centaur.
The jackal bites you but does no damage.
The centaur hits you.
* * * LOW HITPOINT WARNING * * *
The jackal bites you but does no damage.
You block the centaur's attack. The jackal closely misses you.
You see here an arrow.
You closely miss the jackal. You block the centaur's attack.
You block the jackal's attack.
The centaur hits you but does no damage.
You block the jackal's attack.
You closely miss the jackal. The centaur hits you.
* * * LOW HITPOINT WARNING * * *
The jackal closely misses you.
You barely miss the jackal. The centaur hits you.
* * * LOW HITPOINT WARNING * * *
You block the jackal's attack. The centaur hits you.
You die...

#[# #..### .. #.# #..#
#... #.# ##..#####....
#.# ##......#..... #.#
##............. #.#
#.............. #.#
#.........w....
####.###...(..........
#.....##.((.@h†.......
#.....##.....c........
#.....................
#.....##..............
#.....##..............
#...[.##..............
#.....##..............
#>....##..............
#.....###.............


You could see a centaur, a worm and a jackal.

Vanquished Creatures
  Jessica (D:2)
  Robin (D:3)
  3 adders (D:2)
  2 worms
  3 leopard geckos
  6 orcs
  6 bats
  2 giant cockroaches
  8 goblins
  9 hobgoblins
  5 jackals
  3 kobolds
  A quokka (D:1)
  4 frilled lizards
  16 rats
70 creatures vanquished.

Notes
Turn   | Place    | Note
-------+----------+-------------------------------------------
     0 | D:1      | fly the Barachi Fighter began the quest for the Orb.
     0 | D:1      | Reached XP level 1. HP: 18/18 MP: 1/1
    16 | D:1      | Reached skill level 3 in Long Blades
    35 | D:1      | Reached XP level 2. HP: 12/24 MP: 2/2
   611 | D:1      | Reached skill level 4 in Long Blades
   615 | D:1      | Reached XP level 3. HP: 10/29 MP: 3/3
   934 | D:2      | Noticed Jessica
   948 | D:2      | Killed Jessica
   948 | D:2      | Reached skill level 5 in Long Blades
   948 | D:2      | Reached XP level 4. HP: 36/36 MP: 4/4
  1088 | D:2      | Found a faded altar of an unknown god.
  1380 | D:3      | Found an opulent altar of Gozag.
  1460 | D:3      | Noticed Robin
  1481 | D:3      | Reached skill level 6 in Long Blades
  1504 | D:3      | Killed Robin
  1504 | D:3      | Reached XP level 5. HP: 12/42 MP: 5/5
  1901 | D:3      | Found a stormy altar of Qazlal.
  2840 | D:4      | Noticed a centaur
  2854 | D:4      | Slain by a centaur

Skill      XL: |  1  2  3  4 |
---------------+-------------+-----
Long Blades    | 3 4 5 6 |  6.0
Fighting       | |  3.8
Armour         | |  3.9
Shields        | |  3.5

Action                   |  1- 3 |  4- 6 || total
-------------------------+-------+-------++-------
Melee: Long sword        |    93 |   129 ||   222
 Abil: Hop               |       |     1 ||     1
  Use: Potion            |     1 |     1 ||     2
       Scroll            |       |     5 ||     5
  Eat: Chunk             |     1 |     7 ||     8
Armor: Scale mail        |    57 |    50 ||   107
Dodge: Dodged            |    38 |    35 ||    73
Block: Shield            |    55 |    84 ||   139
       Rpst.: Long sword |    16 |     8 ||    24
